 Dungeon Crawl Stone Soup version 0.29.1-15-g9cfb28693d (webtiles) character file.

Game seed: 16916567742182559160

90 firemarshallily the Sneak (level 4, 0/30 HPs)
             Began as an Octopode Brigand on Mar 2, 2023.
             Slain by an iguana (1 damage)
             ... on level 3 of the Dungeon.
             The game lasted 00:02:56 (2950 turns).

firemarshallily the Sneak (Octopode Brigand)        Turns: 2950, Time: 00:02:56

Health: 0/30       AC:  1    Str: 10    XL:     4   Next: 56%
Magic:  4/4        EV: 12    Int: 13    God:
Gold:   174        SH:  0    Dex: 15    Spells: 3/3 levels left

rFire   . . .      SeeInvis .   a - +2 dagger
rCold   . . .      Faith    .   (no shield)
rNeg    . . .      Spirit   .   (helmet restricted)
rPois   .          Reflect  .   (no amulet)
rElec   .          Harm     .   (no ring)
rCorr   .          Rampage  .   (no ring)
Will    .....                   (no ring)
Stlth   ++++......              (no ring)
HPRegen 0.10/turn               (no ring)
MPRegen 0.09/turn               (no ring)
                                (no ring)
                                (no ring)

@: no status effects
A: almost no armour, amphibious, 8 rings, camouflage 1, gelatinous body 1,
(nimble swimmer 1), tentacles
a: no special abilities


You were on level 3 of the Dungeon.
You visited 1 branch of the dungeon, and saw 3 of its levels.

You collected 174 gold pieces.

Inventory:

Hand Weapons
 a - a +2 dagger (weapon)
Missiles
 b - 9 poisoned darts (quivered)
 c - 3 curare-tipped darts
Scrolls
 e - a scroll of noise {unknown}
 g - a scroll of enchant weapon {unknown}
 i - 2 scrolls of identify {unknown}
 j - a scroll of teleportation {unknown}
 m - a scroll of magic mapping {unknown}
 n - a scroll of amnesia {unknown}
Potions
 d - a potion of flight {unknown}
 f - 5 potions of curing {unknown}
 h - a potion of cancellation {unknown}
 k - a potion of heal wounds {unknown}
 l - a potion of might {unknown}


   Skills:
 + Level 2.7 Fighting
 * Level 3.2 Short Blades
 - Level 2.0 Throwing
 - Level 1.0 Dodging
 * Level 6.5 Stealth


You had 3 spell levels left.
You didn't know any spells.
Your spell library contained the following spells:

 Spells                   Type           Power      Damage    Failure   Level
 Dazzling Flash           Conj/Hex       0%         N/A       67%         3
 Agony                    Necr           0%         N/A       100%        5
 Silence                  Hex/Air        0%         N/A       100%        5


Dungeon Overview and Level Annotations

Branches:
Dungeon (3/15)

Altars:
Okawaru


Innate Abilities, Weirdness & Mutations

You cannot wear most types of armour.
You are amphibious.
You can wear up to eight rings at the same time.
Your skin changes colour to match your surroundings (Stealth+).
Your rubbery body absorbs attacks. (AC +1, EV +1)
((You are camouflaged when in or above water. (Stealth+)))
You have tentacles for arms and can constrict up to eight enemies at once.


Message History

You see here a frilled lizard corpse.
There is a stone staircase leading down here.
As you open the door, it creaks loudly!
Found 5 stones.
There is an open door here.
You open the door.
There is an open door here.
Found a quarterstaff.
You now have 174 gold pieces (gained 9).
An iguana comes into view.
An iguana is nearby!
The iguana hisses angrily.
The iguana closely misses you.
You barely miss the iguana. Your grab misses the iguana. The iguana misses you.
You hit the iguana. You grab the iguana.
You squeeze the iguana, but do no damage.
The iguana is moderately wounded.
You constrict the iguana, but do no damage.
You hit the iguana.
You squeeze the iguana, but do no damage.
The iguana is moderately wounded.
You constrict the iguana. The iguana bites you!
You hit the iguana but do no damage.
The iguana is heavily wounded.
You constrict the iguana, but do no damage.
The iguana misses you.
You hit the iguana. You squeeze the iguana.
The iguana is severely wounded.
You constrict the iguana, but do no damage.
The iguana barely misses you.
You hit the iguana but do no damage.
You squeeze the iguana, but do no damage.
The iguana is severely wounded.
You constrict the iguana. The iguana bites you!
Ouch! That really hurt!
* * * LOW HITPOINT WARNING * * *
You hit the iguana.
The iguana is severely wounded.
You constrict the iguana. The iguana bites you.
You die...

#+# #.#
####.####
#.......#
#.#...#.#
#..@l...#
.###.#...#.#
.........#
..
.###.....#
).## ####.##
..... #.#
##.#..
#.##....#
#..#....#
#...#.###


You could see an iguana.

Vanquished Creatures
  An orc wizard (D:3)
  An adder (D:2)
  2 worms (D:3)
  5 dart slugs
  5 ball pythons
  3 endoplasms
  3 giant cockroaches (D:1)
  3 goblins
  4 hobgoblins
  2 kobolds
  A quokka (D:1)
  5 bats
  A frilled lizard (D:3)
  4 rats
40 creatures vanquished.

Vanquished Creatures (others)
  5 demonic plants (D:2)
  A fungus (D:2)
  5 plants (D:2)
  2 withered plants (D:2)
13 creatures vanquished.

Grand Total: 53 creatures vanquished

Notes
Turn   | Place    | Note
-------+----------+-------------------------------------------
     0 | D:1      | firemarshallily the Octopode Brigand began the quest for
                  | the Orb.
     0 | D:1      | Reached XP level 1. HP: 14/14 MP: 1/1
   554 | D:1      | Reached XP level 2. HP: 19/19 MP: 2/2
  1439 | D:2      | Reached XP level 3. HP: 22/25 MP: 3/3
  1617 | D:2      | Reached skill level 6 in Stealth
  1662 | D:2      | Found a faded altar of an unknown god.
  2504 | D:3      | Reached XP level 4. HP: 30/30 MP: 4/4
  2794 | D:3      | Found an iron altar of Okawaru.
  2949 | D:3      | HP: 1/30 [iguana (15)]
  2950 | D:3      | Slain by an iguana

Illustrated notes

Levels and vault maps discovered:
D:1:      tarquinn_simple_flora_water_c, layout_basic
D:2:      layout_loops_corners, shapermc_ecumenical_altar_gd,
          minmay_tiny_reverse_x
D:3:      layout_loops_corners, marbit_many_paths, palyth_stone_intersect,
          hangedman_decor_push, nicolae_shop_vocational

Skill      XL: |  1  2  3 |
---------------+----------+-----
Stealth        | 6 |  6.5
Short Blades   | 3 |  3.2
Fighting       | |  2.7
Throwing       | |  2.0
Dodging        | |  1.0

Action                   |  1- 3 |  4- 6 || total
-------------------------+-------+-------++-------
Melee: Dagger            |    59 |    18 ||    77
       Constrict         |    15 |     4 ||    19
       Tentacles         |    13 |     5 ||    18
 Stab: Sleeping          |    13 |     3 ||    16
       Distracted        |     1 |       ||     1
Armor: Skin              |     7 |       ||     7
Dodge: Dodged            |    30 |     7 ||    37
